AoeStats
← tommlhansa

Arabia

505433765Analyzed
1v1 RM · 24d ago on Sep 9, 2026· 36m 18s· 2 players
Game mode
Random Map
Map size
Tiny (2 player)
Population
200
Speed
Normal
Resources
Standard
Victory
Conquest
Starting age
Dark Age
Ending age
Imperial Age
RankedLock teamsTeams togetherTeam positionsShared explorationLock speedFull tech treeHidden civsTurbo modeCheats
Victory
Defeat
🇩🇪 Inca · Germany
1125
+17
🇺🇸 Poles · United States
1151
-17
Kazule
7:46 Loom
9:37 Feudal Age
15:39 Fletching
15:59 Stone Mining
16:11 Double-Bit Axe
16:07 Horse Collar
22:57 Castle Age
22:02 Scale Barding Armor
24:03 Bow Saw
23:15 Crossbowman
24:25 Heavy Plow
24:34 Bodkin Arrow
24:55 Forging
27:30 Szlachta Privileges
28:02 Husbandry
28:26 Bloodlines
29:29 Iron Casting
tommlhansa
8:09 Loom
10:18 Feudal Age
10:21 Champi Runner
12:08 Forging
13:48 Horse Collar
22:37 Castle Age
21:12 Fletching
21:26 Scale Mail Armor
22:45 Double-Bit Axe
22:38 Champi Warrior
23:19 Squires
23:57 Iron Casting
24:33 Elite Skirmisher
25:35 Chain Mail Armor
26:02 Bow Saw
26:37 Fletching
28:16 Arson
32:33 Wheelbarrow
32:02 Heavy Plow
31:54 Gold Mining
35:56 Imperial Age
33:41 Pikeman
Connection lost

Rejoining the realm…

Still unreachable

The connection could not be restored.

Session expired

The server has moved on; the page needs a fresh start.